 Dungeon Crawl Stone Soup version 0.30-a0-475-g03497ec522 (webtiles) character file.

Game seed: 9484745567824182004

151 kae the Firebug (level 5, -9/28 HPs)
             Began as a Tengu Fire Elementalist on Dec 20, 2022.
             Killed by nerve-wracking pain
             ... invoked by an orc priest
              (10 damage)
             ... on level 4 of the Dungeon.
             The game lasted 00:02:37 (3370 turns).

kae the Firebug (Tengu Fire Elementalist)           Turns: 3370, Time: 00:02:38

Health: -9/28      AC:  6    Str:  8    XL:     5   Next: 33%
Magic:  2/10       EV: 14    Int: 17    God:
Gold:   211        SH:  5    Dex: 15    Spells: 3/9 levels left

rFire   . . .      SeeInvis .    (no weapon)
rCold   . . .      Faith    .    (no shield)
rNeg    . . .      Spirit   .    a - +0 robe
rPois   .          Reflect  +    (helmet restricted)
rElec   .          Harm     .    (no cloak)
rCorr   +          Rampage  .    (no gloves)
Will    .....                    (boots unavailable)
Stlth   ++........               p - amulet of reflection
HPRegen 0.24/turn                R - ring of resist corrosion
MPRegen 0.12/turn                O - +4 ring of protection

@: flying quickly and evasively, quick
A: beak, talons 3, nimble flight
a: no special abilities


You were on level 4 of the Dungeon.
You visited 1 branch of the dungeon, and saw 4 of its levels.

You collected 211 gold pieces.


Innate Abilities, Weirdness & Mutations

You have a beak for a mouth.
You have claws for feet.
Your magical nature lets you fly swiftly and evasively.


   Skills:
 - Level 2.1 Dodging
 - Level 2.0 Stealth
 + Level 2.8 Spellcasting
 * Level 4.2 Conjurations
 * Level 4.8 Fire Magic


You had 3 spell levels left.
You knew the following spells:

 Your Spells              Type           Power      Damage    Failure   Level
a - Foxfire               Conj/Fire      68%        2x1d7     2%          1
b - Scorch                Fire           36%        2d7       3%          2
c - Inner Flame           Hex/Fire       10%        N/A       21%         3

Your spell library contained the following spells:

 Spells                   Type           Power      Damage    Failure   Level
 Dazzling Flash           Conj/Hex       18%        N/A       22%         3
 Kindle Blastsparks       Fire/Tloc/Air  14%        2d11      28%         3
 Flame Wave               Conj/Fire      17%        2d7       28%         4
 Cause Fear               Hex            1%         N/A       87%         4
 Agony                    Necr           2%         N/A       99%         5
 Silence                  Hex/Air        1%         N/A       99%         5
 Dragon Form              Tmut           1%         N/A       100%        7
 Dragon's Call            Summ           1%         N/A       100%        9

Inventory:

Missiles
 e - 41 stones
 g - 10 javelins
Armour
 a - a +0 robe (worn)
Jewellery
 p - an amulet of reflection (around neck)
   (You found it on level 3 of the Dungeon)
 O - a +4 ring of protection (right hand)
   (You found it on level 2 of the Dungeon)
 R - a ring of resist corrosion (left hand)
   (You found it on level 1 of the Dungeon)
 S - a +6 ring of strength
   (You found it on level 3 of the Dungeon)
Wands
 k - a wand of flame (7)
   (You took it off Ijyb on level 4 of the Dungeon)
 n - a wand of paralysis (14)
   (You found it on level 3 of the Dungeon)
Scrolls
 i - a scroll of brand weapon
 l - a scroll of poison {!r}
 m - 2 scrolls of noise {!r}
Potions
 b - a potion of magic
 c - a potion of degeneration {unknown}
 d - a potion of attraction {!q}
 f - 2 potions of cancellation {unknown}
 h - 3 potions of curing {unknown}
 j - 4 potions of berserk rage {unknown}
 o - a potion of lignification {unknown}

Dungeon Overview and Level Annotations

Branches:
Dungeon (4/15) Zot: 20646
 Temple: D:4-7

Altars:
Gozag

Annotations:
D:4 Duvessa

#...........##....###
#...................#
#...................#
#.....##....##......#
#.....##....##......#
#.....#.....'.......#
#.....#.....#..)....#
#.....#.....#########
#...o@#.....#
#....)#.....#
#....o##....#
#.....###+### #....).
#...... #......
#.......


You could see 2 orc priests.


Message History

Casting: Foxfire (safe; 2% risk of failure)
Confirm with . or Enter, or press ? or * to list all spells.
You conjure some foxfire!
A hobgoblin comes into view.
The foxfire hits the hobgoblin. x2 😎 MP[-1]
You lost 1 mp, and now have 8/10 mp.
There are monsters nearby!
There are monsters nearby!
Casting: Foxfire (safe; 2% risk of failure)
Confirm with . or Enter, or press ? or * to list all spells.
You conjure some foxfire!
The hobgoblin hits you.
The foxfire hits the hobgoblin.
You kill the hobgoblin! 😕 HP[-2] MP[-1]
You take 2 damage, and now have 26/28 hp.
You lost 1 mp, and now have 7/10 mp.
Casting: Foxfire (safe; 2% risk of failure)
Confirm with . or Enter, or press ? or * to list all spells.
You conjure some foxfire!
The foxfire hits the hobgoblin.
The foxfire hits the hobgoblin.
The foxfire hits the hobgoblin but does no damage.
A hobgoblin is nearby!
Casting: Foxfire (safe; 2% risk of failure)
Confirm with . or Enter, or press ? or * to list all spells.
You conjure some foxfire!
The foxfire hits the hobgoblin.
You kill the hobgoblin! 😕 HP[+1] MP[-1]
You lost 1 mp, and now have 6/10 mp.
You now have 211 gold pieces (gained 13).
j - 4 gluggy clear potions (gained 1)
There is an open door here.
An orc priest comes into view. It is wielding a +0 short sword.
The orc priest shouts!
You hear a shout!
An orc comes into view. It is wielding a +0 flail.
The orc priest moves out of view. 😎 HP[+1] MP[+4]
Your hp is fully restored (28).
Your mp is fully restored (10).
An orc is nearby!
Casting: Foxfire (safe; 2% risk of failure)
Confirm with . or Enter, or press ? or * to list all spells.
You conjure some foxfire!
The orc shouts!
An orc comes into view. It is wielding a +1 vampiric dagger.
The foxfire hits the orc. 😎 MP[-1]
You lost 1 mp, and now have 9/10 mp.
There are monsters nearby!
Casting: Foxfire (safe; 2% risk of failure)
Confirm with . or Enter, or press ? or * to list all spells.
You conjure some foxfire!
The foxfire hits the orc.
The foxfire hits the orc.
You kill the orc!
An orc priest comes into view. It is wielding a +0 whip.
An orc comes into view. It is wielding a +0 falchion.
The foxfire hits the orc!
You kill the orc! 😎 MP[-1]
You lost 1 mp, and now have 8/10 mp.
Casting: Foxfire (safe; 2% risk of failure)
Confirm with . or Enter, or press ? or * to list all spells.
You conjure some foxfire!
The foxfire hits the orc priest. x2 😎 MP[-1]
You lost 1 mp, and now have 7/10 mp.
There are monsters nearby!
Okay, then.
Okay, then.
Unknown command.
Casting: Foxfire (safe; 2% risk of failure)
Confirm with . or Enter, or press ? or * to list all spells.
Flames lash the orc priest.
The orc priest's fire resistance burns away.
The orc priest miscasts a cantrip. 😎 MP[-2]
You lost 2 mp, and now have 5/10 mp.
Unknown command.
Casting: Scorch (safe; 3% risk of failure)
Confirm with . or Enter, or press ? or * to list all spells.
Flames lash the orc.
The orc's fire resistance burns away.
The orc priest calls down the wrath of Beogh upon you.
Beogh smites you!
Ouch! That really hurt!
* * * LOW HITPOINT WARNING * * *
😨 HP[-15] MP[-1]
You take 15 damage, and now have 13/28 hp.
MASSIVE DAMAGE!! (PAUSE)
You lost 1 mp, and now have 4/10 mp.
Casting: Scorch (safe; 3% risk of failure)
Confirm with . or Enter, or press ? or * to list all spells.
Flames lash the orc.
The orc is burned terribly!
You kill the orc!
The orc priest is no longer more vulnerable to fire.
The orc priest mumbles some strange prayers to Beogh against you.
Beogh smites you!
* * * LOW HITPOINT WARNING * * *
The orc priest calls down the wrath of Beogh upon you.
Pain shoots through your body!
You die...

Skill      XL: |  1  2  3  4 |
---------------+-------------+-----
Conjurations   | 2 3 4 |  4.2
Fire Magic     | 4 |  4.8
Dodging        | |  2.1
Stealth        | |  2.0
Spellcasting   | |  2.8

Action                   |  1- 3 |  4- 6 || total
-------------------------+-------+-------++-------
Melee: Unarmed           |       |     1 ||     1
 Cast: Foxfire           |    65 |    73 ||   138
       Scorch            |     2 |    15 ||    17
  Use: Scroll            |     5 |     4 ||     9
Armor: Robe              |     7 |     3 ||    10
Dodge: Dodged            |    12 |    15 ||    27
Block: Other             |       |     1 ||     1
       Reflection        |       |     1 ||     1

Levels and vault maps discovered:
D:1:      matt_arrival_diagonals, layout_rooms, eino_curves_01,
          nrook_mini_backslash, minmay_worlds_worst_comb
D:2:      layout_loops_ring, basic_altar, grunt_ministairs_3
D:3:      layout_basic, hellmonk_ecumenical_altar_inner_sanctum
D:4:      layout_gridville, vehumet_crystals,
          mainiacjoe_overflow_concentric_impassable, nicolae_specific_store,
          uniq_ijyb, uniq_duvessa

Notes
Turn   | Place    | Note
-------+----------+-------------------------------------------
     0 | D:1      | kae the Tengu Fire Elementalist began the quest for the
                  | Orb.
     0 | D:1      | Reached XP level 1. HP: 10/10 MP: 4/4
     0 | D:1      | magus.rc [v1.11.3]
   208 | D:1      | Reached skill level 2 in Conjurations
   208 | D:1      | Reached XP level 2. HP: 15/15 MP: 1/6
   596 | D:1      | Reached XP level 3. HP: 19/19 MP: 3/7
   599 | D:1      | Learned a level 2 spell: Scorch
   603 | D:1      | Learned a level 3 spell: Inner Flame
  1140 | D:2      | Reached skill level 4 in Fire Magic
  1144 | D:2      | Reached skill level 3 in Conjurations
  1232 | D:2      | Found an opulent altar of Gozag.
  1294 | D:2      | Reached XP level 4. HP: 24/24 MP: 2/8
  1512 | D:2      | You pick up a book of the Dragon and begin reading...
  1512 | D:2      | You add the spells Cause Fear, Dragon Form and Dragon's
                  | Call to your library.
  2042 | D:2      | You pick up a book of the Senses and begin reading...
  2042 | D:2      | You add the spells Dazzling Flash, Agony and Silence to
                  | your library.
  2717 | D:3      | Found a faded altar of an unknown god.
  3044 | D:4      | Noticed Ijyb
  3054 | D:4      | Killed Ijyb
  3055 | D:4      | Reached skill level 4 in Conjurations
  3055 | D:4      | Gained mutation: Your magical nature lets you fly swiftly
                  | and evasively. [Tengu growth]
  3055 | D:4      | Reached XP level 5. HP: 20/28 MP: 4/10
  3135 | D:4      | Noticed Duvessa
  3369 | D:4      | HP: 1/28 [orc priest/divine providence (12)]
  3370 | D:4      | Killed from afar by an orc priest

Vanquished Creatures
  Ijyb (D:4)
  3 adders (D:2)
  4 dart slugs
  4 orcs
  3 ball pythons
  9 endoplasms
  8 giant cockroaches
  10 goblins
  8 hobgoblins
  2 jackals (D:2)
  4 quokkas
  7 bats
  5 frilled lizards
  3 kobolds
  2 rats
73 creatures vanquished.

Vanquished Creatures (others)
  218 foxfires
218 creatures vanquished.

Grand Total: 291 creatures vanquished

Table legend:
 A = Non-vault XP
 B = Vault XP
 C = Vault XP percentage of total XP
 D = Non-vault monster count
 E = Vault monster count
 F = Vault count percentage of total count
                 A         B        C        D         E       F
            +---------+---------+-------+---------+---------+-------
      Total |     154 |      62 |  28.7 |      66 |       7 |   9.6
            +---------+---------+-------+---------+---------+-------
        D:1 |      35 |       8 |  18.6 |      19 |       4 |  17.4
        D:2 |      78 |      15 |  16.1 |      28 |       2 |   6.7
        D:3 |      20 |       0 |   0.0 |      10 |       0 |   0.0
        D:4 |      21 |      39 |  65.0 |       9 |       1 |  10.0
            +---------+---------+-------+---------+---------+-------

Illustrated notes

Table legend:
 A = Kills in this place as a percentage of kills in entire the game.
 B = Kills by you in this place as a percentage of kills by you in the entire game.
 C = Kills by friends in this place as a percentage of kills by friends in the entire game.
 D = Other kills in this place as a percentage of other kills in the entire game.
 E = Experience gained in this place as a percentage of experience gained in the entire game.
 F = Experience gained in this place divided by the number of levels of this place that you have seen.
                   A       B       C       D       E      F
               +-------+-------+-------+-------+-------+----------------------
         Total | 100.0 | 100.0 |   N/A |   N/A | 100.0 |  54.0
       Dungeon | 100.0 | 100.0 |   N/A |   N/A | 100.0 |  54.0
               +-------+-------+-------+-------+-------+----------------------

Table legend: (Time is in decaauts)
 A = Elapsed time spent in this place.
 B = Non-inter-level travel time spent in this place.
 C = Inter-level travel time spent in this place.
 D = Time resting spent in this place.
 E = Time spent auto-exploring this place.
 F = Levels seen in this place.
 G = Mean time per level.
                   A        B        C        D        E       F      G
               +--------+--------+--------+--------+--------+-----+--------+
         Total |   3352 |   3232 |    120 |     67 |   2634 |   4 |  838.0 |
       Dungeon |   3352 |   3232 |    120 |     67 |   2634 |   4 |  838.0 |
               +--------+--------+--------+--------+--------+-----+--------+

Top non-repeatable levels by time:
     D:2: 1099 daAuts
     D:1: 1063 daAuts
     D:3: 827 daAuts
     D:4: 362 daAuts
